 Dungeon Crawl Stone Soup version 0.17.0-22-g5edae84 (console) character file.

339 Kloppie the Ducker (level 6, -5/29 HPs)
             Began as a Felid Monk on Nov 13, 2015.
             Slain by a scorpion (6 damage)
             ... on level 5 of the Dungeon.
             The game lasted 00:07:29 (4723 turns).

Kloppie the Ducker (Felid Monk)                     Turns: 4723, Time: 00:07:30

Health: -5/29      AC:  2    Str:  7    XL:     6   Next: 29%
Magic:  16/16      EV: 23    Int: 11    God:
Gold:   277        SH:  0    Dex: 21    Spells: 0 memorised, 5 levels left
                                        Lives:  0   Deaths: 1

rFire  . . .     SeeInvis +       - Unarmed
rCold  . . .     Clarity  .     (armour unavailable)
rNeg   . . .     SustAt   .     (shield unavailable)
rPois  .         Gourm    .     (helmet unavailable)
rElec  .         Spirit   .     (cloak unavailable)
rCorr  .         Warding  .     (gloves unavailable)
rMut   .         Stasis   .     (boots unavailable)
MR     .....                    (no amulet)
Stlth  ++++......               (no ring)
                                q - ring of magical power

@: quick, not resistant to hostile enchantments, stealthy
A: no armour, no weapons or thrown items, claws 1, fangs 3, see invisible,
carnivore 3, speed 1, shaggy fur 2, slow metabolism 1, sharp paws
a: no special abilities


You were on level 5 of the Dungeon.
You were not hungry.

You visited 1 branch of the dungeon, and saw 6 of its levels.
You also visited: Ossuary.

You collected 277 gold pieces.

Inventory:

Jewellery
 q - a ring of magical power (left paw)
Wands
 m - a wand of draining (0)
Scrolls
 c - 2 scrolls of recharging {unknown}
 e - 2 scrolls of magic mapping {unknown}
 g - a scroll of fear {unknown}
 h - a scroll of teleportation {unknown}
 l - a scroll of identify {unknown}
 n - 2 scrolls of remove curse {unknown}
 p - a scroll of amnesia {unknown}
Potions
 b - 2 potions of degeneration {unknown}
 d - a potion of brilliance {unknown}
 f - a potion of experience {unknown}
 i - 2 potions of haste {unknown}
 j - a potion of curing {unknown}
 k - a potion of heal wounds {unknown}
 o - a potion of might {unknown}
Comestibles
 a - 4 meat rations


   Skills:
 + Level 4.7 Fighting
 + Level 6.1 Dodging
 + Level 5.5 Stealth
 + Level 5.3 Unarmed Combat


You had 5 spell levels left.
You didn't know any spells.

Dungeon Overview and Level Annotations

Branches:
Dungeon (6/15)
 Temple: D:4-7

Altars:
Elyvilon
Fedhas
The Shining One

Shops:
D:4 *   D:6 (


Innate Abilities, Weirdness & Mutations

You cannot wear armour.
You are incapable of wielding weapons or throwing items.
You have sharp claws.
You have razor-sharp teeth.
You have supernaturally acute eyesight.
You are carnivorous and can eat meat at any time.
You cover ground quickly.
You are covered in thick fur (AC +2).
You have a slow metabolism.
Your sharp claws are effective at attacking unaware monsters.


Message History

Increase (S)trength, (I)ntelligence, or (D)exterity?
You feel agile.
Your fur grows into a thick mane.
The worker ant zombie completely misses you.
You claw the worker ant zombie!
You destroy the worker ant zombie!
You start resting.
A scorpion comes into view.
You barely miss the scorpion. You scratch the scorpion.
The scorpion is lightly wounded.
The scorpion closely misses you.
You claw the scorpion!
The scorpion is heavily wounded.
The scorpion stings you!
* * * LOW HITPOINT WARNING * * *
You closely miss the scorpion.
The scorpion is heavily wounded.
The scorpion stings you.
You die...

.......# #......# ##...(..#
#.......# #.$.....# ###
#.......#
#.##############......#
##########........##...##......#
...##$...#.....s@.....†........#
....'..>............)..........#
....#..........................#
....#.............##...##.$....#
...############...##...##......#
...# #+####...........# ..%.
+...........# ....#
#.........!.# ....#
#...........#


You could see a scorpion.

Vanquished Creatures
  An ogre (D:5)
  A scorpion (D:5)
  A wight (D:6)
  2 hounds
  A jelly (D:6)
  2 worker ants (D:6)
  A hound skeleton (D:4)
  A worker ant zombie (D:5)
  2 adders (D:2)
  A shadow imp (D:6)
  2 oozes
  An adder zombie (Ossuary)
  A worm (D:4)
  A giant gecko (D:2)
  2 orcs
  11 hobgoblins
  4 jackals (D:1)
  2 ball pythons
  10 bats
  5 giant cockroaches
  2 giant newts
  5 goblins
  A hobgoblin zombie (Ossuary)
  9 kobolds
  A quokka (D:6)
  A quokka skeleton (D:4)
  2 quokka zombies (D:4)
  5 rats
78 creatures vanquished.

Notes
Turn   | Place    | Note
--------------------------------------------------------------
     0 | D:1      | Kloppie the Felid Monk began the quest for the Orb.
     0 | D:1      | Reached XP level 1. HP: 10/10 MP: 2/2
   232 | D:1      | Reached XP level 2. HP: 14/14 MP: 3/3
  1181 | D:1      | Reached XP level 3. HP: 17/17 MP: 4/4
  1515 | D:2      | Found a white marble altar of Elyvilon.
  1962 | D:2      | Reached XP level 4. HP: 18/22 MP: 5/5
  2615 | D:4      | Found a sand-covered staircase.
  2632 | Ossuary  | Entered an ossuary
  2643 | Ossuary  | Reached skill level 5 in Dodging
  3062 | D:4      | Found Nobiug's General Store.
  3488 | D:5      | Entered Level 5 of the Dungeon
  3488 | D:5      | Noticed a centaur
  3488 | D:5      | Noticed an ogre
  3494 | D:5      | HP: 1/22 [centaur/arrow (1)]
  4054 | D:6      | Reached XP level 5. HP: 20/25 MP: 6/6
  4246 | D:6      | Found Ynuobloss's Weapon Shoppe.
  4253 | D:6      | Found a glowing golden altar of the Shining One.
  4315 | D:6      | Found a blossoming altar of Fedhas.
  4346 | D:6      | HP: 1/25 [acid (3)]
  4348 | D:6      | Slain by a wight
  4349 | D:6      | Reached XP level 4. HP: -4/22 MP: 5/5
  4446 | D:6      | Reached XP level 5. HP: 25/25 MP: 6/6
  4479 | D:6      | Noticed an orc warrior
  4603 | D:5      | Reached skill level 5 in Stealth
  4603 | D:5      | Reached skill level 5 in Unarmed Combat
  4618 | D:5      | HP: 1/25 [worker ant zombie (6)]
  4650 | D:5      | Noticed a centaur
  4667 | D:5      | Killed an ogre
  4667 | D:5      | Reached skill level 6 in Dodging
  4667 | D:5      | Gained mutation: You are covered in thick fur (AC +2). [Felid growth]
  4667 | D:5      | Reached XP level 6. HP: 4/29 MP: 7/7
  4722 | D:5      | HP: 1/29 [scorpion (8)]
  4723 | D:5      | Slain by a scorpion

Action                   |  1- 3 |  4- 6 || total
-------------------------+-------+-------++-------
Melee: Unarmed           |    82 |   118 ||   200
Evoke: Wand              |       |     2 ||     2
 Stab: Sleeping          |    16 |     9 ||    25
  Eat: Chunk             |     9 |     3 ||    12
